 Dungeon Crawl Stone Soup version 0.28-a0-771-g91a516d0e7 (webtiles) character file.

Game seed: 6090540941445858945

28 Conn the Firebug (level 3, 0/21 HPs)
             Began as an Octopode Fire Elementalist on Nov 1, 2021.
             Succumbed to an adder's poison
             ... on level 2 of the Dungeon.
             The game lasted 00:01:38 (724 turns).

Conn the Firebug (Octopode Fire Elementalist)        Turns: 724, Time: 00:01:38

Health: 0/21       AC:  2    Str:  7    XL:     3   Next: 12%
Magic:  3/6        EV: 13    Int: 18    God:
Gold:   49         SH:  0    Dex: 12    Spells: 5/6 levels left

rFire   . . .      SeeInvis .   b - +0 dagger
rCold   . . .      Faith    .   (no shield)
rNeg    . . .      Spirit   .   (helmet restricted)
rPois   .          Reflect  .   (no amulet)
rElec   .          Harm     .   (no ring)
rCorr   .          Rampage  .   (no ring)
Will    .....                   (no ring)
Stlth   +++.......              (no ring)
HPRegen 0.07/turn               (no ring)
MPRegen 0.10/turn               (no ring)
                                (no ring)
                                (no ring)

@: brilliant, lethally poisoned (0 -> -4), very slightly contaminated
A: almost no armour, amphibious, 8 rings, camouflage 1, gelatinous body 1,
(nimble swimmer 1), tentacles, passive freeze, sense surroundings 1, shaggy fur
1
a: no special abilities


You were on level 2 of the Dungeon.
You visited 1 branch of the dungeon, and saw 2 of its levels.

You collected 49 gold pieces.

Inventory:

Hand Weapons
 b - a +0 dagger (weapon)
Jewellery
 a - a ring of see invisible
Scrolls
 f - a scroll of immolation {unknown}
 g - a scroll of teleportation {unknown}
 h - a scroll of enchant armour {unknown}
Potions
 d - a potion of heal wounds {unknown}
 e - a potion of mutation


   Skills:
 + Level 0.8 Short Blades
 + Level 2.1 Dodging
 + Level 2.9 Stealth
 + Level 2.4 Spellcasting
 + Level 1.0 Conjurations
 + Level 3.4 Fire Magic


You had 5 spell levels left.
You knew the following spells:

 Your Spells              Type           Power      Damage    Failure   Level
a - Foxfire               Conj/Fire      60%        2x1d7     7%          1

Your spell library contained the following spells:

 Spells                   Type           Power      Damage    Failure   Level
 Scorch                   Fire           44%        2d7       6%          2
 Slow                     Hex            12%        N/A       17%         1
 Conjure Flame            Conj/Fire      15%        6-21      21%         3
 Inner Flame              Hex/Fire       12%        N/A       26%         3
 Confusing Touch          Hex            3%         N/A       45%         3
 Flame Wave               Conj/Fire      15%        3d5       56%         4
 Yara's Violent Unravell  Hex/Tmut       1%         3d3       99%         5


Dungeon Overview and Level Annotations

Branches:
Dungeon (2/15)

Altars:


Innate Abilities, Weirdness & Mutations

You cannot wear most types of armour.
You are amphibious.
You can wear up to eight rings at the same time.
Your skin changes colour to match your surroundings (Stealth+).
Your rubbery body absorbs attacks. (AC +1, EV +1)
((You are camouflaged near water. (Stealth+)))
You have tentacles for arms and can constrict up to eight enemies at once.
A frigid envelope surrounds you and freezes all who hurt you.
You passively map a small area around you.
You are covered in fur. (AC +1)


Message History

You are poisoned.
The adder poisons you!
You miss the adder. You grab the adder.
You constrict the adder, but do no damage.
You feel sick. The bat barely misses you. The adder misses you.
You hit the adder but do no damage. You constrict the adder.
You feel sick. The adder closely misses you. The bat hits you.
Casting: Foxfire (safe; 8% risk of failure)
Confirm with . or Enter, or press ? or * to list all spells.
You miscast Foxfire.
You are very lightly contaminated with residual magic.
Nothing appears to happen.
You constrict the adder.
You feel sick. The bat barely misses you. The adder closely misses you.
Unknown command.
Casting: Foxfire (safe; 8% risk of failure)
Confirm with . or Enter, or press ? or * to list all spells.
You conjure some foxfire!
You constrict the adder.
You feel sick. The bat misses you. The adder bites you.
* * * LOW HITPOINT WARNING * * *
You are lethally poisoned!
The adder poisons you! The adder closely misses you.
You release your grip on the adder.
* * * LOW HITPOINT WARNING * * *
You feel sick.
The foxfire hits the adder.
The adder is severely wounded.
The foxfire hits the adder.
You kill the adder!
You have reached level 3!
Your experience leads to an increase in your attributes!
Increase (S)trength, (I)ntelligence, or (D)exterity?
You feel clever.
Unknown command.
It was a potion of mutation.
You feel extremely strange.
Your skin feels very cold.
Fur sprouts all over your body.
You feel a strange attunement to the structure of the dungeons.
* * * LOW HITPOINT WARNING * * *
You feel sick. The bat barely misses you.
It was a potion of brilliance.
You feel clever all of a sudden.
You die...

*
###.............#>
*
#............##.##.
#.*
#.##...##.#..##.# .
.#
#.###.###)#.†##.##.
* .#
#.#.....#.#........
,, . #.#.#
#.#.#..##.##. *
#.#...# #...#.#. #
* #.#...###.##.###.
. #.b@.....##..# #.
. *
*##..##.####...# ..
. #†.###.# ...##
### * *#.#.#*#.#
#... * #.#.. ...
.... , # ### #..
,...# * * #### , *
, * * *


You could see a bat.

Vanquished Creatures
  An adder (D:2)
  A dart slug (D:1)
  A ball python (D:1)
  An endoplasm (D:2)
  A hobgoblin (D:1)
  3 kobolds (D:1)
  A quokka (D:2)
  A bat (D:1)
  2 frilled lizards
  4 goblins (D:1)
16 creatures vanquished.

Vanquished Creatures (others)
  18 foxfires
18 creatures vanquished.

Grand Total: 34 creatures vanquished

Notes
Turn   | Place    | Note
-------+----------+-------------------------------------------
     0 | D:1      | Conn the Octopode Fire Elementalist began the quest for the
                  | Orb.
     0 | D:1      | Reached XP level 1. HP: 11/11 MP: 3/3
   114 | D:1      | Reached XP level 2. HP: 17/17 MP: 0/5
   723 | D:2      | Reached XP level 3. HP: 2/21 MP: 3/6
   723 | D:2      | Gained mutation: A frigid envelope surrounds you and
                  | freezes all who hurt you. [potion of mutation]
   723 | D:2      | Gained mutation: You are covered in fur. (AC +1) [potion of
                  | mutation]
   723 | D:2      | Gained mutation: You passively map a small area around you.
                  | [potion of mutation]
   723 | D:2      | HP: 1/21 [poisoned by an adder]
   724 | D:2      | Succumbed to an adder's poison

Illustrated notes

Levels and vault maps discovered:
D:1:      evilmike_arrival_hilbert_curve, layout_rooms
D:2:      layout_loops_ring, basic_ecumenical_altar, uniq_sigmund

Action                   || total
-------------------------++-------
Melee: Unarmed           ||     5
       Constrict         ||     8
       Dagger            ||    22
       Tentacles         ||     4
 Cast: Foxfire           ||     9
  Use: Potion            ||     2
 Stab: Sleeping          ||     1
Armor: Skin              ||     5
Dodge: Dodged            ||    23

Table legend: (Time is in decaauts)
 A = Elapsed time spent in this place.
 B = Non-inter-level travel time spent in this place.
 C = Inter-level travel time spent in this place.
 D = Time resting spent in this place.
 E = Time spent auto-exploring this place.
 F = Levels seen in this place.
 G = Mean time per level.
                   A        B        C        D        E       F      G
               +--------+--------+--------+--------+--------+-----+--------+
         Total |    723 |    723 |      0 |      0 |    494 |   2 |  361.5 |
       Dungeon |    723 |    723 |      0 |      0 |    494 |   2 |  361.5 |
               +--------+--------+--------+--------+--------+-----+--------+

Top non-repeatable levels by time:
     D:1: 420 daAuts
     D:2: 302 daAuts
